 Dungeon Crawl Stone Soup version 0.26-a0-651-gb41185065b (webtiles) character file.

Game seed: 4619446102469792596

309 nicanaca0 the Magician (level 6, -1/51 HPs)
             Began as a Gnoll Wanderer on Oct 22, 2020.
             Slain by a gnoll
             ... wielding a cursed +0 halberd
              (2 damage)
             ... on level 4 of the Dungeon.
             The game lasted 00:09:07 (5508 turns).

nicanaca0 the Magician (Gnoll Wanderer)             Turns: 5508, Time: 00:09:09

Health: -1/51      AC:  4    Str: 13    XL:     6   Next: 41%
Magic:  9/16       EV: 10    Int: 16    God:
Gold:   117        SH:  9    Dex: 16    Spells: 8/19 levels left

rFire    . . .     SeeInvis .   r - +1 short sword (protect)
rCold    . . .     Faith    .   e - +0 kite shield
rNeg     . . .     Spirit   .   d - +0 robe
rPois    .         Reflect  .   (no helmet)
rElec    .         Harm     .   s - +0 cloak
rCorr    .         Rampage  .   w - +0 pair of gloves
MR       .....                  (no boots)
Stlth    +++.......             (no amulet)
HPRegen  0.17/turn              q - ring of stealth
MPRegen  0.15/turn              (no ring)

@: very slightly contaminated
A: distributed training, fangs 1, strong nose
a: no special abilities


You were on level 4 of the Dungeon.
You visited 1 branch of the dungeon, and saw 4 of its levels.

You collected 117 gold pieces.

Inventory:

Hand Weapons
 a - a +0 dagger
 r - a +1 short sword of protection (weapon)
Missiles
 h - 8 atropa-tipped darts (quivered)
 v - 5 boomerangs of dispersal
Armour
 b - a +0 ring mail
 d - a +0 robe (worn)
 e - a +0 kite shield (worn)
 s - a +0 cloak (worn)
 w - a +0 pair of gloves (worn)
Magical Staves
 y - an uncursed staff of poison {unknown}
Jewellery
 q - a ring of stealth (left hand)
Scrolls
 c - 3 scrolls of teleportation
 f - 2 scrolls of enchant armour {unknown}
 i - 2 scrolls of remove curse {unknown}
 j - a scroll of noise {unknown}
 l - 4 scrolls of identify {unknown}
 m - a scroll of magic mapping {unknown}
 p - 4 scrolls of amnesia {unknown}
 t - a scroll of random uselessness {unknown}
 u - a scroll of fear {unknown}
 x - a scroll of fog {unknown}
Potions
 g - 2 potions of mutation {unknown}
 k - 2 potions of lignification {unknown}
 n - a potion of magic {unknown}
 o - a potion of stabbing {unknown}


   Skills:
 + Level 5.0 Fighting
 + Level 2.0 Short Blades
 + Level 2.0 Long Blades
 + Level 2.0 Axes
 + Level 2.0 Maces & Flails
 + Level 2.0 Polearms
 + Level 2.0 Staves
 + Level 2.0 Slings
 + Level 2.0 Bows
 + Level 2.0 Crossbows
 + Level 2.0 Throwing
 + Level 2.0 Armour
 + Level 2.0 Dodging
 + Level 2.0 Stealth
 + Level 3.2 Shields
 + Level 3.2 Unarmed Combat
 + Level 7.4 Spellcasting
 + Level 2.6 Conjurations
 + Level 1.5 Hexes
 + Level 2.6 Summonings
 + Level 1.5 Necromancy
 + Level 1.5 Translocations
 + Level 1.5 Transmutations
 + Level 1.5 Fire Magic
 + Level 1.5 Ice Magic
 + Level 1.5 Air Magic
 + Level 1.5 Earth Magic
 + Level 1.5 Poison Magic
 + Level 2.1 Invocations
 + Level 3.2 Evocations


You had 8 spell levels left.
You knew the following spells:

 Your Spells              Type           Power        Failure   Level
a - Summon Small Mammal   Summ           ##..         19%         1
b - Call Canine Familiar  Summ           ##......     47%         3
c - Frozen Ramparts       Ice            ##....       65%         3
d - Summon Ice Beast      Ice/Summ       ##......     92%         4

Your spell library contained the following spells:

 Spells                   Type           Power        Failure   Level
 Freeze                   Ice            ##..         28%         1
 Ozocubu's Armour         Ice            ##......     65%         3
 Hailstorm                Conj/Ice       ##......     92%         4


Dungeon Overview and Level Annotations

Branches:
Dungeon (4/15)
 Temple: D:4-7

Altars:
Sif Muna


Innate Abilities, Weirdness & Mutations

Your experience applies equally to all skills.
You have very sharp teeth.
Your uncanny sense of smell can sniff out nearby items.


Message History

Your rat dies!
Your rat's corpse disappears in a puff of smoke!
You block the gnoll's attack.
The gnoll hits you from afar with a cursed +0 halberd.
The gnoll hits you from afar with a cursed +0 halberd!
You block the gnoll's attack.
Casting: Summon Small Mammal (safe; 19% risk of failure)
Confirm with . or Enter, or press ? or * to list all spells.
You block the gnoll's attack.
You swap places.
The gnoll hits you from afar with a cursed +0 halberd!
* * * LOW HITPOINT WARNING * * *
Your quokka barely misses the gnoll.
Casting: Summon Small Mammal (safe; 19% risk of failure)
Confirm with . or Enter, or press ? or * to list all spells.
You miscast Summon Small Mammal.
You are very lightly contaminated with residual magic.
Nothing appears to happen.
The gnoll hits you from afar with a cursed +0 halberd.
You die...

######### ######
###...gr@.# #....#
#.###g###.#####.##.#
########.†...# #.......##.#
.........#g.#############.#
.........)g....># #.###
#.######....###.# #...#
........)#### # #######.#
....).....# #.......#
.....#.#..# #.#####.#


You could see a gnoll shaman, a gnoll (fast) and a friendly quokka (summoned).

Vanquished Creatures
  Sigmund (D:3)
  An orc wizard (D:4)
  A worker ant (D:4)
  6 adders
  3 worms
  A dart slug (D:1)
  2 leopard geckos
  3 orcs
  A giant cockroach (D:1)
  A goblin (D:1)
  9 hobgoblins
  3 jackals (D:1)
  8 kobolds
  2 quokkas (D:4)
  3 ball pythons
  8 bats
  8 frilled lizards
  7 rats
68 creatures vanquished.

Vanquished Creatures (collateral kills)
  A worker ant (D:4)
  4 adders
  A gnoll (D:4)
  4 worms
  4 orcs
  A ball python (D:2)
  A giant cockroach (D:3)
  A hobgoblin (D:3)
  A quokka (D:4)
  A frilled lizard (D:3)
  A leopard gecko skeleton (D:4)
20 creatures vanquished.

Grand Total: 88 creatures vanquished

Notes
Turn   | Place    | Note
-------+----------+-------------------------------------------
     0 | D:1      | nicanaca0 the Gnoll Wanderer began the quest for the Orb.
     0 | D:1      | nicanaca0 set off with the following items: a +0 dagger, a
                  | scroll of teleportation, a +0 robe, a +0 kite shield; and
                  | the following spell memorised: Summon Small Mammal; and the
                  | following spells available to memorise: Call Canine
                  | Familiar
     0 | D:1      | Reached XP level 1. HP: 20/20 MP: 8/8
   203 | D:1      | Reached XP level 2. HP: 17/26 MP: 10/10
   935 | D:1      | Reached XP level 3. HP: 31/31 MP: 11/11
  1209 | D:2      | Found a shimmering blue altar of Sif Muna.
  1570 | D:2      | Reached skill level 1 in Invocations
  1703 | D:2      | Learned a level 3 spell: Call Canine Familiar
  1936 | D:2      | Reached skill level 1 in Short Blades
  1936 | D:2      | Reached skill level 1 in Long Blades
  1936 | D:2      | Reached skill level 1 in Axes
  1936 | D:2      | Reached skill level 1 in Maces & Flails
  1936 | D:2      | Reached skill level 1 in Polearms
  1936 | D:2      | Reached skill level 1 in Staves
  1936 | D:2      | Reached skill level 1 in Slings
  1936 | D:2      | Reached skill level 1 in Bows
  1936 | D:2      | Reached skill level 1 in Crossbows
  1936 | D:2      | Reached skill level 1 in Throwing
  1936 | D:2      | Reached skill level 1 in Armour
  1936 | D:2      | Reached skill level 1 in Dodging
  1936 | D:2      | Reached skill level 1 in Stealth
  2109 | D:2      | Reached XP level 4. HP: 25/38 MP: 9/13
  3152 | D:3      | Reached skill level 1 in Hexes
  3152 | D:3      | Reached skill level 1 in Necromancy
  3152 | D:3      | Reached skill level 1 in Translocations
  3152 | D:3      | Reached skill level 1 in Transmutations
  3152 | D:3      | Reached skill level 1 in Fire Magic
  3152 | D:3      | Reached skill level 1 in Ice Magic
  3152 | D:3      | Reached skill level 1 in Air Magic
  3152 | D:3      | Reached skill level 1 in Earth Magic
  3152 | D:3      | Reached skill level 1 in Poison Magic
  3794 | D:3      | Noticed Sigmund
  3931 | D:3      | Killed Sigmund
  3931 | D:3      | Reached XP level 5. HP: 28/43 MP: 2/14
  4841 | D:4      | Learned a level 3 spell: Frozen Ramparts
  4846 | D:4      | Learned a level 4 spell: Summon Ice Beast
  5002 | D:4      | Reached XP level 6. HP: 37/50 MP: 10/16
  5429 | D:4      | Reached skill level 5 in Fighting
  5507 | D:4      | HP: 1/51 [gnoll/cursed +0 halberd (17)]
  5508 | D:4      | Slain by a gnoll

Illustrated notes

Levels and vault maps discovered:
D:1:      psy_arrival_spokes, layout_loops_ring
D:2:      layout_basic, lemuel_doored_altar
D:3:      minmay_spotlight, layout_loops_ring, uniq_sigmund
D:4:      layout_basic, kennysheep_generic_room_15

Skill      XL: |  1  2  3  4  5  6 |
---------------+-------------------+-----
Conjurations   | 2 |  2.6
Summonings     | 2 |  2.6
Invocations    | 1 2 |  2.1
Short Blades   | 1 2 |  2.0
Long Blades    | 1 2 |  2.0
Axes           | 1 2 |  2.0
Maces & Flails | 1 2 |  2.0
Polearms       | 1 2 |  2.0
Staves         | 1 2 |  2.0
Slings         | 1 2 |  2.0
Bows           | 1 2 |  2.0
Crossbows      | 1 2 |  2.0
Throwing       | 1 2 |  2.0
Armour         | 1 2 |  2.0
Dodging        | 1 2 |  2.0
Stealth        | 1 2 |  2.0
Hexes          | 1 |  1.5
Necromancy     | 1 |  1.5
Translocations | 1 |  1.5
Transmutations | 1 |  1.5
Fire Magic     | 1 |  1.5
Ice Magic      | 1 |  1.5
Air Magic      | 1 |  1.5
Earth Magic    | 1 |  1.5
Poison Magic   | 1 |  1.5
Shields        | 3 |  3.2
Unarmed Combat | 3 |  3.2
Evocations     | 3 |  3.2
Fighting       | 5 |  5.0
Spellcasting   | |  7.4

Action                   |  1- 3 |  4- 6 || total
-------------------------+-------+-------++-------
Melee: Dagger            |   175 |    77 ||   252
       Bite              |    16 |    16 ||    32
       Short sword       |       |    98 ||    98
 Cast: Summon Small Mamm |    12 |    97 ||   109
 Stab: Sleeping          |     1 |     4 ||     5
       Distracted        |       |     2 ||     2
Armor: Ring mail         |    54 |     8 ||    62
       Robe              |       |    34 ||    34
Dodge: Dodged            |    56 |    72 ||   128
Block: Kite shield       |    92 |    70 ||   162

Table legend: (Time is in decaauts)
 A = Elapsed time spent in this place.
 B = Non-inter-level travel time spent in this place.
 C = Inter-level travel time spent in this place.
 D = Time resting spent in this place.
 E = Time spent auto-exploring this place.
 F = Levels seen in this place.
 G = Mean time per level.
                   A        B        C        D        E       F      G
               +--------+--------+--------+--------+--------+-----+--------+
         Total |   5530 |   5454 |     76 |    819 |   3549 |   4 | 1382.5 |
       Dungeon |   5530 |   5454 |     76 |    819 |   3549 |   4 | 1382.5 |
               +--------+--------+--------+--------+--------+-----+--------+

Top non-repeatable levels by time:
     D:3: 1910 daAuts
     D:2: 1867 daAuts
     D:1: 1214 daAuts
     D:4: 537 daAuts
